 Dungeon Crawl Stone Soup version 0.20.0-10-g0535bb4 (webtiles) character file.

213 grindst0ne the Skirmisher (level 5, 0/57 HPs)
             Began as a Gargoyle Fighter on June 4, 2017.
             Slain by Sigmund
             ... wielding a +0 scythe
              (2 damage)
             ... on level 2 of the Dungeon.
             The game lasted 00:05:00 (2282 turns).

grindst0ne the Skirmisher (Gargoyle Fighter)        Turns: 2282, Time: 00:05:01

Health: 0/57       AC: 22    Str: 24    XL:     5   Next: 90%
Magic:  5/5        EV:  2    Int:  9    God:
Gold:   141        SH:  9    Dex: 10    Spells: 4/4 levels left

rFire    . . .     SeeInvis .   a - +0 war axe
rCold    . . .     Gourm    .   c - +0 shield
rNeg     + + +     Faith    .   (armour currently unavailable)
rPois    ∞         Spirit   .   (helmet currently unavailable)
rElec    .         Reflect  .   (cloak currently unavailable)
rCorr    .         Harm     .   (gloves currently unavailable)
MR       .....     NoTele   +   (boots currently unavailable)
Stlth    +.........             (no amulet)
Regen    0.2/turn               (no ring)
MPRegen  0.1/turn               (no ring)

@: mighty, tree-form
A: negative energy resistance 1, petrification resistance, rot immunity, AC +4
a: no special abilities


You were on level 2 of the Dungeon.
You were hungry.
You were a tree.
You visited 1 branch of the dungeon, and saw 3 of its levels.

You collected 141 gold pieces.

Inventory:

Hand Weapons
 a - a +0 war axe (weapon)
Armour
 b - a +0 scale mail
 c - a +0 shield (worn)
 h - a +0 plate armour (melded)
 t - a +0 pair of gloves (melded)
Jewellery
 j - an uncursed ring of resist corrosion {unknown}
Scrolls
 g - a scroll of random uselessness {unknown}
 i - 5 scrolls of identify {unknown}
 m - a scroll of magic mapping {unknown}
 n - a scroll of amnesia {unknown}
 o - a scroll of noise {unknown}
 p - a scroll of enchant weapon {unknown}
 q - a scroll of remove curse {unknown}
 w - a scroll of blinking {unknown}
 x - a scroll of fear {unknown}
Potions
 e - 2 potions of lignification
 l - a potion of degeneration {unknown}
 r - a potion of mutation {unknown}
 u - a potion of heal wounds {unknown}
Books
 s - a book of Misfortune

   Spells                             Type                      Level
   a - Confusing Touch                Hexes                        1
   b - Confuse                        Hexes                        3
   c - Gell's Gravitas                Translocation                3
   d - Petrify                        Transmutation/Earth          4
   e - Metabolic Englaciation         Hexes/Ice                    5
   f - Yara's Violent Unravelling     Hexes/Transmutation          5
Comestibles
 f - a bread ration
 k - 4 chunks of flesh
 v - a meat ration


   Skills:
 + Level 7.0 Fighting
 - Level 1.7 Axes
 - Level 3.2 Armour
 - Level 3.2 Shields


You had 4 spell levels left.
You didn't know any spells.

Dungeon Overview and Level Annotations

Branches:
Dungeon (3/15)

Altars:
Dithmenos
Hepliaklqana
Makhleb
Nemelex Xobeh
Xom

Annotations:
D:2 Sigmund


Innate Abilities, Weirdness & Mutations

You are resistant to torment.
((Your stone body is resilient. (AC +4)))
You are immune to poison.
You resist negative energy. (rN+)
((You are resistant to electric shocks. (rElec)))
((You can survive without breathing.))
You are immune to petrification.
You are immune to rotting.


Message History

The puff of flame hits you! Something hits you but does no damage.
You hear some strange, mumbled words.
You are confused.
Something hits you but does no damage.
You hear some strange, mumbled words.
A puff of flame appears from out of thin air!
The puff of flame hits you! Something hits you.
* * * LOW HITPOINT WARNING * * *
Something hits you but does no damage.
You feel less confused.
Sigmund appears from thin air!
Reactivating autopickup.
Sigmund hits you from afar with a scythe.
* * * LOW HITPOINT WARNING * * *
Sigmund hits you but does no damage. Sigmund hits you but does no damage.
Sigmund hits you from afar with a scythe.
You die...

...# #....##.....###...####.....
...# ##...[.>...<#....####....÷.
...#####...............# #.....†.
.....##....##..........# #.......
...................#...# #....>..
............#.....#<#..# #.......
..<................#...###.......
.........##.............##.......
........###....#♣......(###......
...###### #####.#####...# ##.....
#..##.#.###_###@......).# ######
#..#..#.#.#.#.8...#.....##
...#_....................##
...##...........#.>.......###
#..#..#.#.#.#.8..##.....#...#
...##.###_###_##.##.....###.#
...#### ### ####..#.....###.####


You could see Sigmund.

Vanquished Creatures
  6 adders
  7 gnolls
  A worm (D:3)
  2 dart slugs (D:2)
  2 leopard geckos (D:2)
  4 orcs (D:3)
  2 ball pythons (D:1)
  16 bats
  7 giant cockroaches
  7 goblins
  7 hobgoblins
  4 jackals (D:3)
  4 kobolds
  2 quokkas
  4 frilled lizards
  6 rats
81 creatures vanquished.

Notes
Turn   | Place    | Note
-------+----------+-------------------------------------------
     0 | D:1      | grindst0ne the Gargoyle Fighter began the quest for the Orb.
     0 | D:1      | Reached XP level 1. HP: 14/14 MP: 1/1
    77 | D:1      | Reached skill level 4 in Fighting
    77 | D:1      | Reached XP level 2. HP: 17/20 MP: 2/2
   259 | D:1      | Reached XP level 3. HP: 10/24 MP: 3/3
   892 | D:2      | Reached skill level 5 in Fighting
   953 | D:2      | Reached XP level 4. HP: 28/31 MP: 4/4
  1037 | D:2      | Found a burning altar of Makhleb.
  1322 | D:2      | Found a shadowy altar of Dithmenos.
  1324 | D:2      | Found a shimmering altar of Xom.
  1325 | D:2      | Found a hazy altar of Hepliaklqana.
  1395 | D:2      | Reached skill level 6 in Fighting
  1395 | D:2      | Reached XP level 5. HP: 36/36 MP: 5/5
  1427 | D:2      | Found a sparkling altar of Nemelex Xobeh.
  2210 | D:3      | Noticed Sigmund
  2248 | D:3      | Reached skill level 7 in Fighting
  2261 | D:2      | HP: 1/38 [something/puff of flame (8)]
  2275 | D:2      | HP: 2/57 [something (3)]
  2282 | D:2      | Slain by Sigmund

Skill      XL: |  1  2  3  4  5 |
---------------+----------------+-----
Fighting       | 4 5 6 7 |  7.0
Axes           | |  1.7
Armour         | |  3.2
Shields        | |  3.2

Action                   |  1- 3 |  4- 6 || total
-------------------------+-------+-------++-------
Melee: War axe           |   151 |   222 ||   373
  Use: Potion            |       |     2 ||     2
  Eat: Chunk             |       |     5 ||     5
Armor: Scale mail        |    22 |       ||    22
       Plate armour      |   150 |   250 ||   400
       Skin              |       |     9 ||     9
Dodge: Dodged            |    38 |    38 ||    76
Block: Shield            |   133 |   152 ||   285
